 Dungeon Crawl Stone Soup version 0.30-b1-2-g02819fbbbe (webtiles) character file.

Game seed: 10973532667510238496

28417 LLlMATKO the Warrior (level 13, -1/192 HPs)
             Began as a Minotaur Berserker on Aug 24, 2023.
             Was an Elder of Trog.
             Slain by a death yak (12 damage)
             ... on level 4 of the Lair of Beasts.
             The game lasted 00:14:58 (14630 turns).

LLlMATKO the Warrior (Minotaur Berserker)          Turns: 14630, Time: 00:14:59

Health: -1/192     AC: 22    Str: 23    XL:     13   Next: 9%
Magic:  12/12      EV: 12    Int:  4    God:    Trog [****..]
Gold:   970        SH:  5    Dex: 14    Spells: 12/12 levels left

rFire   . . .        p - +3 war axe (venom)
rCold   + + .        (no shield)
rNeg    . . .        y - +3 plate armour {rC+}
rPois   .            M - +0 hat
rElec   .            (no cloak)
rCorr   .            m - +0 pair of gloves
SInv    .            H - +0 pair of boots
Will    .....        P - amulet of reflection Stlth
                     k - ring of protection from cold
HPRegen 0.52/turn    (no ring)
MPRegen 0.13/turn

%: reflection
@: berserking, studying Fighting, very quick
A: horns 2, retaliatory headbutt
a: Renounce Religion, Berserk, Trog's Hand, Brothers in Arms


You were on level 4 of the Lair of Beasts.
You worshipped Trog.
Trog was greatly pleased with you.
You visited 2 branches of the dungeon, and saw 15 of its levels.

You collected 970 gold pieces.

Inventory:

Hand Weapons
 p - a +3 war axe of venom (weapon)
 s - a +0 hand axe
 B - a +3 hand axe
 D - a +0 war axe
 E - a +4 trident
 L - the +0 halberd of Cott {drain, +Blink rF+ rN+ Int-2}
   (You found it on level 1 of the Lair of Beasts)

   Int:       It affects your intelligence (-2).
   rF:        It protects you from fire.
   rN:        It protects you from negative energy.
   +Blink:    It lets you blink.
Missiles
 l - 28 poisoned darts (quivered)
 O - 5 curare-tipped darts
Armour
 m - a +0 pair of gloves (worn)
 y - a +3 plate armour of cold resistance (worn)
 H - a +0 pair of boots (worn)
 M - a +0 hat (worn)
Jewellery
 g - a ring of fire
 k - a ring of protection from cold (left hand)
 P - an amulet of reflection (around neck)
Wands
 t - a wand of charming (25)
 u - a wand of quicksilver (10)
 x - a wand of flame (35)
 C - a wand of roots (5)
 F - a wand of polymorph (17)
 N - a wand of mindburst (7)
Scrolls
 d - 6 scrolls of poison
 f - 19 scrolls of identify
 j - a scroll of noise
 o - 2 scrolls of enchant armour
 q - 2 scrolls of enchant weapon
 r - a scroll of blinking {unknown}
 v - 2 scrolls of teleportation
 w - 4 scrolls of magic mapping {unknown}
 A - 2 scrolls of vulnerability {unknown}
 I - a scroll of acquirement {unknown}
 K - 2 scrolls of brand weapon {unknown}
Potions
 a - 2 potions of mutation {unknown}
 b - 4 potions of might
 c - 4 potions of degeneration {unknown}
 e - 2 potions of attraction {unknown}
 h - 3 potions of haste
 i - 6 potions of curing
 n - 2 potions of heal wounds {unknown}
 z - 3 potions of brilliance {unknown}
 G - a potion of cancellation {unknown}
 J - a potion of lignification {unknown}


   Skills:
 + Level 16.0 Fighting
 + Level 13.8 Axes
 + Level 13.6 Armour
 + Level 12.5 Dodging


You had 12 spell levels left.
You didn't know any spells.
Your spell library was empty.

Dungeon Overview and Level Annotations

Branches:
Dungeon (11/15)            Temple (0/1) D:4            Lair (4/5) D:8
  Swamp (0/4) Lair:3        Snake (0/4) Lair:3
  Slime: Lair:4-5       Orc: D:9-12

Altars:
Cheibriados
Dithmenos
Elyvilon
Fedhas
Gozag
Hepliaklqana
Kikubaaqudgha
Nemelex Xobeh
Okawaru
Sif Muna
Trog
Uskayaw
Wu Jian
Xom
Zin
The Shining One
Jiyva

Shops:
D:3 :


Innate Abilities, Weirdness & Mutations

You have a pair of horns on your head.
You reflexively headbutt those who attack you in melee.


Message History

The death yak is severely wounded.
You slash the death yak!
The death yak looks as sick as possible!
You hit the death yak but do no damage.
The death yak looks as sick as possible!
You hit the death yak.
The death yak looks as sick as possible!
You slash the death yak!
The death yak looks as sick as possible!
You hit the death yak.
The death yak looks as sick as possible!
The death yak closely misses you. The death yak gores you!
* * * LOW HITPOINT WARNING * * *
The death yak barely misses you. The death yak gores you!
* * * LOW HITPOINT WARNING * * *
The death yak gores you but does no damage.
The death yak closely misses you.
You slice the death yak!!
You kill the death yak!
Trog accepts your kill.
You slash the death yak!
The death yak looks as sick as possible!
You barely miss the death yak. You slash the death yak!
The death yak looks as sick as possible!
You slash the death yak! You slice the death yak!!
The death yak looks as sick as possible!
Your Fighting skill increases to level 16!
You slash the death yak!
The death yak looks as sick as possible!
The death yak is heavily wounded.
You hit the death yak.
The death yak looks as sick as possible!
You slice the death yak!!
The death yak looks as sick as possible!
You slash the death yak!
The death yak looks as sick as possible!
You hit the death yak.
The death yak looks as sick as possible!
The death yak gores you!
You die...

.....#.........
#.............#
##.......#.....##### ..
#.#.............#..##...
............P....#.##P..
...........# ..........
......YYY..####.........
#.†@Y....#..........
......Y....!...#........
.....##.P..##.......†...
###. #..#..............
J# ....##..............
._ ....##.............<
. .....###.............
#...).#..............
................


You could see 5 death yaks and a jelly.

Vanquished Creatures
  Gastronok (Lair:3)
  2 hydras
  2 two-headed ogres
  A boulder beetle (D:8)
  A death yak (Lair:4)
  2 skysharks
  Sonja (Lair:3)
  Pikel (D:5)
  3 cyclopes
  3 black mambas
  An ice statue (D:9)
  An efreet (D:8)
  4 cane toads
  2 rime drakes
  7 komodo dragons
  7 ice devils (D:9)
  Grinder (D:6)
  3 trolls
  2 polar bears
  3 blink frogs (Lair:3)
  A vampire (D:7)
  A shadow (D:10)
  A wraith (D:9)
  2 wyverns
  13 yaks
  A basilisk (Lair:2)
  A human (shapeshifter) (D:8)
  4 steam dragons
  9 vampire mosquitoes
  3 nagas (Lair:3)
  9 water moccasins
  4 orc warriors
  4 ice beasts
  3 sky beasts (D:7)
  5 black bears
  3 ogres
  4 centaurs
  10 wolves
  A phantom (D:7)
  A kobold brigand (D:9)
  9 bullfrogs
  2 gnoll sergeants (D:8)
  5 scorpions
  4 wights (D:8)
  14 killer bees
  An electric eel (Lair:3)
  3 howler monkeys
  5 hounds
  7 jellies
  3 gnoll boudas
  7 orc priests
  2 sleepcaps
  4 iguanas
  Terence (D:3)
  Ijyb (D:5)
  8 orc wizards
  18 gnolls
  9 adders
  A shadow imp (D:5)
  4 white imps (D:7)
  7 ufetubi
  2 worms
  A dart slug (D:1)
  38 orcs
  6 bats
  7 endoplasms
  6 giant cockroaches
  10 goblins
  9 hobgoblins
  7 jackals
  11 kobolds
  6 quokkas
  9 ball pythons
  A frilled lizard (D:3)
  5 rats
361 creatures vanquished.

Vanquished Creatures (others)
  A butterfly (D:7)
  13 fungi
  13 plants
  5 withered plants (D:4)
32 creatures vanquished.

Grand Total: 393 creatures vanquished

Notes
Turn   | Place    | Note
-------+----------+-------------------------------------------
     0 | D:1      | LLlMATKO the Minotaur Berserker began the quest for the
                  | Orb.
     0 | D:1      | Reached XP level 1. HP: 19/19 MP: 0/0
   247 | D:1      | Reached XP level 2. HP: 22/27 MP: 1/1
   479 | D:1      | Reached skill level 4 in Fighting
   558 | D:1      | Reached XP level 3. HP: 33/33 MP: 2/2
   723 | D:1      | Reached ** piety under Trog
  1347 | D:2      | Reached XP level 4. HP: 41/41 MP: 3/3
  1799 | D:3      | Noticed a water moccasin
  1805 | D:3      | Killed a water moccasin
  1806 | D:3      | Reached XP level 5. HP: 44/47 MP: 4/4
  2132 | D:3      | Found Caidor's Book Boutique.
  2310 | D:3      | Found a faded altar of an unknown god.
  2326 | D:3      | Reached skill level 5 in Fighting
  2640 | D:3      | Noticed Terence
  2644 | D:3      | Killed Terence
  2645 | D:3      | Reached skill level 5 in Axes
  2747 | D:4      | Reached XP level 6. HP: 30/56 MP: 5/5
  2941 | D:4      | Found a staircase to the Ecumenical Temple.
  2988 | D:4      | Reached *** piety under Trog
  3189 | D:4      | Reached skill level 5 in Armour
  3189 | D:4      | Reached XP level 7. HP: 40/62 MP: 6/6
  3455 | D:4      | Found a blossoming altar of Fedhas.
  3459 | D:4      | Found an ancient bone altar of Kikubaaqudgha.
  3500 | D:5      | Entered Level 5 of the Dungeon
  3577 | D:5      | Reached skill level 6 in Fighting
  3624 | D:5      | Noticed Ijyb
  3632 | D:5      | Killed Ijyb
  3633 | D:5      | Reached skill level 5 in Dodging
  3878 | D:5      | Noticed Pikel
  3888 | D:5      | Killed Pikel
  3889 | D:5      | Reached skill level 7 in Fighting
  3889 | D:5      | Reached XP level 8. HP: 73/73 MP: 7/7
  4252 | D:5      | Found a glowing golden altar of the Shining One.
  4252 | D:5      | Found a shimmering altar of Xom.
  4559 | D:6      | Noticed Grinder
  4561 | D:6      | Paralysed by Grinder for 5 turns
  4573 | D:6      | Killed Grinder
  4574 | D:6      | Reached skill level 8 in Fighting
  4574 | D:6      | Reached XP level 9. HP: 81/81 MP: 8/8
  5090 | D:7      | Found a hazy altar of Hepliaklqana.
  5127 | D:7      | Reached **** piety under Trog
  5207 | D:7      | Reached skill level 9 in Fighting
  5229 | D:7      | Noticed a cyclops
  5235 | D:7      | Killed a cyclops
  5309 | D:7      | Reached XP level 10. HP: 21/91 MP: 9/9
  5604 | D:7      | Found a hide-covered altar of Uskayaw.
  5623 | D:7      | Noticed a two-headed ogre
  5631 | D:7      | Killed a two-headed ogre
  5632 | D:7      | Reached skill level 10 in Fighting
  5632 | D:7      | Reached skill level 10 in Axes
  6032 | D:7      | Found a snail-covered altar of Cheibriados.
  6075 | D:7      | Reached skill level 10 in Armour
  6203 | D:7      | Found an ornate altar of the Wu Jian Council.
  6320 | D:7      | Found a white marble altar of Elyvilon.
  6426 | D:7      | Identified the staff of conjuration "Fiussiom" {Will+
                  | Dex+2}
  6726 | D:8      | You fall into a shaft and drop 1 floor!
  6726 | D:9      | Found a glowing silver altar of Zin.
  6726 | D:9      | Found a shimmering blue altar of Sif Muna.
  6726 | D:9      | Found a bloodstained altar of Trog.
  6745 | D:9      | Reached ***** piety under Trog
  6969 | D:8      | Found a staircase to the Lair.
  7353 | D:8      | Noticed a boulder beetle
  7356 | D:8      | Noticed a cyclops
  7363 | D:8      | Reached XP level 11. HP: 91/101 MP: 10/10
  7363 | D:8      | Killed a boulder beetle
  7364 | D:8      | Reached skill level 11 in Fighting
  7806 | D:8      | Reached skill level 10 in Dodging
  8275 | D:9      | Found an iron altar of Okawaru.
  8336 | D:9      | Found an opulent altar of Gozag.
  8337 | D:9      | Found a sparkling altar of Nemelex Xobeh.
  8368 | D:9      | Found a shadowy altar of Dithmenos.
  9157 | D:10     | Entered Level 10 of the Dungeon
  9202 | D:10     | Received a gift from Trog
  9210 | D:10     | Reached skill level 12 in Fighting
  9850 | D:10     | Noticed a two-headed ogre
  9856 | D:10     | Killed a two-headed ogre
 10008 | Lair:1   | Entered Level 1 of the Lair of Beasts
 10386 | Lair:1   | Identified the +0 halberd of Cott {drain, +Blink rF+ rN+
                  | Int-2}
 10405 | Lair:1   | Reached skill level 13 in Fighting
 10798 | Lair:1   | Reached XP level 12. HP: 68/115 MP: 11/11
 11584 | D:9      | Reached skill level 14 in Fighting
 12758 | Lair:2   | Noticed a four-headed hydra
 12769 | Lair:2   | Killed a seven-headed hydra
 13031 | Lair:3   | Reached skill level 15 in Fighting
 13448 | Lair:3   | Found a staircase to the Snake Pit.
 13565 | Lair:3   | Noticed Gastronok
 13579 | Lair:3   | Killed Gastronok
 13712 | Lair:3   | Found a staircase to the Swamp.
 13712 | Lair:3   | Noticed a six-headed hydra
 13714 | Lair:3   | Noticed Sonja
 13728 | Lair:3   | Killed a 16-headed hydra
 13730 | Lair:3   | Killed Sonja
 13731 | Lair:3   | Reached XP level 13. HP: 97/128 MP: 12/12
 14618 | Lair:4   | Found a viscous altar of Jiyva.
 14630 | Lair:4   | Reached skill level 16 in Fighting
 14630 | Lair:4   | Slain by a death yak

Illustrated notes

Levels and vault maps discovered:
D:1:      dpeg_arrival_castle, layout_basic, serial_bayou_lagoon_b
D:2:      layout_loops_ring, hangedman_decor_diamond_cutter
D:3:      layout_basic, shapermc_ecumenical_altar_venn, serial_shops, shop,
          uniq_terence
D:4:      layout_rooms, grunt_temple_overflow_growth_and_decay,
          minmay_temple_entry_proselytizer
D:5:      layout_basic, gammafunk_temple_overflow_elements, uniq_pikel,
          uniq_ijyb
D:6:      black_bear_nest_1, layout_basic, hangedman_decor_growths, uniq_grinder
D:7:      minmay_the_grid_octo_tiled_octocenter [minmay_the_grid_octo_clover_2,
          minmay_the_grid_octo_pinwheel, minmay_the_grid_octo_vomiting_pacman,
          minmay_the_grid_octo_empty, minmay_the_grid_octo_prize_big_c,
          minmay_the_grid_square_5x5_v, minmay_the_grid_square_5x5_c,
          minmay_the_grid_square_5x5_mess,
          minmay_the_grid_square_5x5_three_small], layout_gridville,
          nicolae_elyvilon_peaceful_grove, old_standard_altar,
          lemuel_round_altar, slow_altar_2
D:8:      layout_basic, lair_entry_dummy, serial_glass, glass_columns_c,
          glass_columns_a, glass_columns_b, glass_columns_b, glass_columns_b,
          glass_columns_a, kennysheep_cross_bottleneck,
          minmay_manual_mandibuliform
D:9:      cheibrodos_frozen_isle, layout_gridville,
          grunt_temple_overflow_opulence, gammafunk_temple_overflow_claw,
          nicolae_dithmenos_the_darkroom, okawaru_altar_gauntlet_db
D:10:     layout_irregular_city, grunt_ministairs_15
D:11:     layout_long_grid, david_orc_3
Lair:1:   layout_chaotic_city, grunt_megastairs_2
Lair:2:   layout_big_grid, serial_rivers, chequers_serial_rivers_micro_d,
          chequers_serial_rivers_large_a, chequers_serial_rivers_large_b,
          chequers_serial_rivers_small_3
Lair:3:   beargit_carnivore_pack, layout_gridlike, minmay_swamp_entry_reptiles,
          nicolae_snake_entry_squirm, uniq_sonja, uniq_gastronok
Lair:4:   layout_layer_cave, slime_entry_2, fungi_pond_lemuel,
          kilobyte_rumbling_trees

Skill      XL: |  1  2  3  4  5  6  7  8  9 10 11 12 13 |
---------------+----------------------------------------+-----
Fighting       | 4 5 7 8 9 10 13 15 16 | 16.0
Axes           | 4 5 7 8 9 10 12 13 | 13.8
Armour         | 3 4 5 6 7 9 10 12 13 | 13.6
Dodging        | 3 4 6 8 9 11 12 | 12.5

Action                     |  1- 3 |  4- 6 |  7- 9 | 10-12 | 13-15 || total
---------------------------+-------+-------+-------+-------+-------++-------
  Melee: Hand axe          |    96 |    70 |       |       |       ||   166
         Headbutt          |    12 |    22 |    32 |   139 |     3 ||   208
         War axe           |       |    42 |   137 |   523 |    24 ||   726
         Punch             |       |       |       |     4 |       ||     4
         Trident           |       |       |       |   181 |       ||   181
         Halberd           |       |       |       |    12 |       ||    12
  Throw: Dart              |       |       |     2 |     3 |       ||     5
 Invoke: Berserk           |       |     2 |     4 |    12 |     2 ||    20
         Trog's Hand       |       |       |       |     1 |       ||     1
Ability: Evoke Blink       |       |       |       |     1 |       ||     1
    Use: Scroll            |       |       |       |     8 |       ||     8
   Stab: Sleeping          |     1 |       |       |       |       ||     1
 Armour: Animal skin       |     9 |       |       |       |       ||     9
         Chain mail        |    19 |    52 |    65 |       |       ||   136
         Plate armour      |       |       |    13 |   345 |    17 ||   375
  Dodge: Dodged            |    72 |    57 |    86 |   309 |    24 ||   548
  Block: Other             |       |       |       |       |     3 ||     3
